 Dungeon Crawl Stone Soup version 0.29-a0-207-gf982a884d8 (webtiles) character file.

Game seed: 6568980781531337830

1674 bande the Chopper (level 9, -1/55 HPs)
             Began as a Gargoyle Fighter on Feb 24, 2022.
             Was an Initiate of Okawaru.
             Slain by an orc warrior
             ... wielding a +0 dire flail
              (3 damage)
             ... on level 6 of the Dungeon.
             The game lasted 00:11:00 (8162 turns).

bande the Chopper (Gargoyle Fighter)                Turns: 8162, Time: 00:11:00

Health: -1/55      AC: 20    Str: 20    XL:     9   Next: 1%
Magic:  10/10      EV:  7    Int:  9    God:    Okawaru [......]
Gold:   362        SH:  6    Dex: 13    Spells: 8/8 levels left

rFire   . . .      SeeInvis .   a - +0 war axe
rCold   + . .      Faith    .   c - +1 buckler
rNeg    + . .      Spirit   .   j - +0 chain mail
rPois   ∞          Reflect  .   g - +2 helmet
rElec   +          Harm     .   (no cloak)
rCorr   .          Rampage  .   (no gloves)
Will    .....                   (no boots)
Stlth   ..........              (no amulet)
HPRegen 0.18/turn               q - ring of protection from cold
MPRegen 0.12/turn               (no ring)

@: no status effects
A: sickness immunity, AC +6, negative energy resistance 1, electricity
resistance, torment resistance 1, petrification resistance
a: Renounce Religion


You were on level 6 of the Dungeon.
You worshipped Okawaru.
Okawaru was noncommittal.
You visited 2 branches of the dungeon, and saw 7 of its levels.
You also visited: Sewer.

You collected 362 gold pieces.

Inventory:

Hand Weapons
 a - a +0 war axe (weapon)
 f - a +0 mace of holy wrath
Armour
 c - a +1 buckler (worn)
 g - a +2 helmet (worn)
 j - a +0 chain mail (worn)
Jewellery
 q - a ring of protection from cold (left hand)
Wands
 p - a wand of iceblast (9)
Scrolls
 h - 3 scrolls of teleportation
 n - a scroll of amnesia
 o - a scroll of identify
Potions
 b - a potion of curing
 d - a potion of might
 e - a potion of mutation {unknown}
 i - a potion of berserk rage {unknown}
 k - a potion of heal wounds {unknown}
 l - 2 potions of magic {unknown}
 m - a potion of brilliance {unknown}


   Skills:
 + Level 5.7 Fighting
 + Level 7.3 Axes
 + Level 6.4 Armour
 + Level 5.0 Shields
 * Level 2.0 Invocations
 * Level 1.2 Evocations


You had 8 spell levels left.
You didn't know any spells.
Your spell library contained the following spells:

 Spells                   Type           Power      Damage    Failure   Level
 Pain                     Necr           0%         1d4       99%         1
 Ensorcelled Hibernation  Hex/Ice        0%         N/A       100%        2
 Passwall                 Tmut/Erth      0%         N/A       100%        2
 Wereblood                Tmut           0%         N/A       100%        2
 Portal Projectile        Hex/Tloc       0%         N/A       100%        3
 Swiftness                Air            0%         N/A       100%        3
 Vampiric Draining        Necr           0%         2d6       100%        3
 Blade Hands              Tmut           0%         N/A       100%        5
 Excruciating Wounds      Necr           0%         N/A       100%        5
 Animate Skeleton         Necr           Unusable   N/A       N/A         1
 Sublimation of Blood     Necr           Unusable   N/A       N/A         2
 Summon Hydra             Summ           Unusable   N/A       N/A         7

Dungeon Overview and Level Annotations

Branches:
Dungeon (6/15)             Temple (1/1) D:5           Sewer (visited)

Altars:
Cheibriados
Dithmenos
Hepliaklqana
Makhleb
Nemelex Xobeh
Okawaru
Sif Muna
Trog
Vehumet
Wu Jian
Xom
Yredelemnul
Zin

Shops:
D:3 ?


Innate Abilities, Weirdness & Mutations

You are immune to sickness and miasma.
Your stone body is resilient. (AC +6)
You are immune to poison.
You resist negative energy. (rN+)
You are resistant to electric shocks. (rElec)
You are resistant to unholy torment.
You are immune to petrification.


Message History

The wight barely misses you.
Unknown command.
You bump into the granite statue.
The orc warrior hits you with a +0 dire flail!
The wight barely misses you.
Unknown command.
You feel less confused.
Unknown command.
You barely miss the orc warrior.
The orc warrior hits you with a +0 dire flail!
You block the wight's attack.
You hit the orc warrior.
The orc warrior is lightly wounded.
The orc warrior hits you with a +0 dire flail!
Unknown command.
You barely miss the orc warrior.
The orc warrior is lightly wounded.
You slash something! The orc warrior completely misses you.
Something hits you but does no damage.
Unknown command.
You hit the orc warrior but do no damage.
The orc warrior is lightly wounded.
You completely miss something.
The orc warrior hits you with a +0 dire flail.
Something hits you but does no damage.
The orc warrior hits you but does no damage.
You hit the orc warrior but do no damage.
The orc warrior is lightly wounded.
You barely miss something. Something hits you but does no damage.
The wight completely misses you.
The orc warrior hits you with a +0 dire flail!
* * * LOW HITPOINT WARNING * * *
Unknown command.
You hit the orc warrior but do no damage.
The orc warrior is lightly wounded.
You barely miss something. Something hits you.
* * * LOW HITPOINT WARNING * * *
You block the wight's attack.
The orc warrior hits you with a +0 dire flail.
You die...

#..... #.# #.#
##..... ......#
#.# #.# #.....
#...##.# #.#
##..... #....# #.#
#......
#..#...#######
#.##..#
##.###...........
#..#
#....zzz.........
#..#
....##{o####'###..
#... .# #@#8..# .
8#. ####
#....#....# oo#.
#....#...#....#.
#....##.#)#.#
##...+ #.#.# #...#
..#.. #...# .# !.
#...#


You could see an orc warrior and 3 wights.

Vanquished Creatures
  Grinder (D:3)
  3 water moccasins
  Duvessa (D:5)
  A black bear (D:4)
  An ice beast (D:6)
  An ogre (D:5)
  A scorpion (D:5)
  A wyvern skeleton (D:3)
  Dowan (D:5)
  An electric eel (D:6)
  3 jellies
  2 bullfrog zombies (D:5)
  A bullfrog skeleton (D:5)
  5 iguanas (D:5)
  A hound skeleton (D:4)
  A mummy (D:4)
  Robin (D:2)
  4 gnolls (D:5)
  7 adders
  A river rat (Sewer)
  A white imp (D:5)
  An ufetubus (D:5)
  5 worms
  5 dart slugs
  9 orcs
  12 endoplasms
  12 giant cockroaches
  11 goblins
  11 hobgoblins
  2 jackals (D:1)
  2 quokkas
  8 ball pythons
  2 bats
  6 frilled lizards
  9 kobolds
  A quokka skeleton (D:4)
  6 rats
141 creatures vanquished.

Vanquished Creatures (others)
  2 plants (D:4)
  A withered plant (D:1)
3 creatures vanquished.

Grand Total: 144 creatures vanquished

Notes
Turn   | Place    | Note
-------+----------+-------------------------------------------
     0 | D:1      | bande the Gargoyle Fighter began the quest for the Orb.
     0 | D:1      | Reached XP level 1. HP: 14/14 MP: 1/1
   266 | D:1      | Found a faded altar of an unknown god.
   270 | D:1      | Reached XP level 2. HP: 19/19 MP: 2/2
   545 | D:1      | Reached skill level 2 in Axes
   645 | D:1      | Reached XP level 3. HP: 23/23 MP: 3/3
   877 | D:2      | Noticed Robin
  1318 | D:2      | Killed Robin
  1398 | D:2      | Found a shimmering altar of Xom.
  1419 | D:2      | Reached XP level 4. HP: 28/28 MP: 4/4
  2149 | D:3      | Reached skill level 3 in Axes
  2155 | D:3      | Found Cefycull's Magic Scroll Shoppe.
  2455 | D:3      | Reached XP level 5. HP: 33/33 MP: 5/5
  2803 | D:4      | Noticed Grinder
  2817 | D:3      | Paralysed by Grinder for 3 turns
  2837 | D:3      | Paralysed by Grinder for 5 turns
  2847 | D:3      | Killed Grinder
  2848 | D:3      | Reached skill level 4 in Axes
  2848 | D:3      | Reached XP level 6. HP: 10/38 MP: 6/6
  3446 | D:4      | Found a radiant altar of Vehumet.
  3461 | D:4      | Noticed a black bear
  3478 | D:4      | Killed a black bear
  3479 | D:4      | Reached skill level 5 in Armour
  3479 | D:4      | Reached XP level 7. HP: 8/44 MP: 7/7
  3849 | D:4      | Found a snail-covered altar of Cheibriados.
  4238 | D:5      | Entered Level 5 of the Dungeon
  4238 | D:5      | You fall into a shaft and drop 1 floor!
  4249 | D:6      | Reached skill level 5 in Axes
  4291 | D:5      | Found a glowing drain.
  4335 | D:5      | Noticed Dowan
  4336 | D:5      | Noticed Duvessa
  4338 | Sewer    | Entered a sewer
  5465 | Sewer    | Found a shimmering altar of Xom.
  5473 | Sewer    | Reached skill level 5 in Fighting
  5815 | D:5      | Killed Dowan
  5816 | D:5      | Reached skill level 6 in Axes
  5816 | D:5      | Reached XP level 8. HP: 36/49 MP: 8/8
  5822 | D:5      | Killed Duvessa
  6617 | D:5      | Found a staircase to the Ecumenical Temple.
  6634 | Temple   | Entered the Ecumenical Temple
  6660 | Temple   | Became a worshipper of Warmaster Okawaru
  6994 | D:5      | Reached skill level 7 in Axes
  6994 | D:5      | Reached skill level 1 in Invocations
  7840 | D:6      | Reached skill level 1 in Evocations
  7892 | D:6      | Reached XP level 9. HP: 54/55 MP: 10/10
  7908 | D:6      | Found a sparkling altar of Nemelex Xobeh.
  7966 | D:5      | Reached skill level 5 in Shields
  8152 | D:6      | Identified the +7 quarterstaff of the Final Decision
                  | {flame, Dex+8 Stlth-}
  8162 | D:6      | HP: 2/55 [something (4)]
  8162 | D:6      | Slain by an orc warrior

Illustrated notes

Levels and vault maps discovered:
D:1:      dpeg_arrival_round_a, layout_loops_cross, shapermc_ecumenical_altar_gd
D:2:      layout_rooms, basic_altar, uniq_robin
D:3:      layout_loops_corners, serial_shops, shop_coins, grunt_ministairs_13
D:4:      corexii_shack_village, layout_loops_ring, slow_altar_1,
          mainiacjoe_overflow_chevrons, uniq_grinder
D:5:      layout_basic, minmay_temple_entry_glassed_door, gup_sewer_entry_glass,
          uniq_duvessa
D:6:      layout_rooms, kennysheep_little_box, minivault_1,
          nicolae_lava_and_water
Temple:   regret_index_temple_waves

Skill      XL: |  1  2  3  4  5  6  7  8  9 |
---------------+----------------------------+-----
Axes           | 2 3 4 6 7 |  7.3
Armour         | 4 5 6 |  6.4
Fighting       | 4 5 |  5.7
Shields        | 4 5 |  5.0
Invocations    | 1 2 |  2.0
Evocations     | 1 |  1.2

Action                   |  1- 3 |  4- 6 |  7- 9 || total
-------------------------+-------+-------+-------++-------
Melee: War axe           |    99 |   131 |   302 ||   532
  Use: Scroll            |     1 |     3 |     1 ||     5
       Potion            |       |     2 |       ||     2
Armor: Scale mail        |    68 |    82 |    17 ||   167
       Skin              |       |     3 |       ||     3
       Chain mail        |       |       |   149 ||   149
Dodge: Dodged            |    55 |    55 |   109 ||   219
Block: Buckler           |    25 |    25 |    85 ||   135

Table legend: (Time is in decaauts)
 A = Elapsed time spent in this place.
 B = Non-inter-level travel time spent in this place.
 C = Inter-level travel time spent in this place.
 D = Time resting spent in this place.
 E = Time spent auto-exploring this place.
 F = Levels seen in this place.
 G = Mean time per level.
                   A        B        C        D        E       F      G
               +--------+--------+--------+--------+--------+-----+--------+
         Total |   8366 |   8366 |      0 |   3341 |   3582 |   8 | 1045.8 |
       Dungeon |   6797 |   6797 |      0 |   2194 |   3356 |   6 | 1132.8 |
        Temple |     63 |     63 |      0 |      0 |     15 |   1 |   63.0 |
         Sewer |   1504 |   1504 |      0 |   1147 |    211 |   1 | 1504.0 |
               +--------+--------+--------+--------+--------+-----+--------+

Top non-repeatable levels by time:
     D:5: 2231 daAuts
   Sewer: 1504 daAuts
     D:3: 1496 daAuts
     D:1: 1333 daAuts
     D:4: 1039 daAuts
     D:2: 474 daAuts
     D:6: 222 daAuts
  Temple: 63 daAuts
